 Dungeon Crawl Stone Soup version 0.21-a0-1-gaf3b9a5 (webtiles) character file.

764 Gorglomux the Slicer (level 8, -2/51 HPs)
             Began as a Kobold Fighter on May 20, 2017.
             Was an Initiate of Trog.
             Slain by a centaur (7 damage)
             ... on level 5 of the Dungeon.
             The game lasted 00:09:50 (5966 turns).

Gorglomux the Slicer (Kobold Fighter)               Turns: 5966, Time: 00:09:51

Health: -2/51      AC:  7    Str: 16    XL:     8   Next: 8%
Magic:  8/8        EV: 11    Int:  9    God:    Trog [......]
Gold:   44         SH:  8    Dex: 14    Spells: 7/7 levels left

rFire    . . .     SeeInvis .   a - +0 rapier
rCold    . . .     Gourm    .   c - +0 shield
rNeg     . . .     Faith    .   b - +0 scale mail
rPois    +         Spirit   .   (helmet restricted)
rElec    .         Reflect  .   (no cloak)
rCorr    .         Harm     .   m - +0 pair of gloves
MR       +....                  (no boots)
Stlth    ..........             (no amulet)
Regen    0.2/turn               (no ring)
MPRegen  0.2/turn               s - ring of poison resistance {rPois, !d}

@: drained
A: antennae 1, carnivore 3, magic resistance 1, sense surroundings 1, wild magic
1
a: Burn Spellbooks, Renounce Religion


You were on level 5 of the Dungeon.
You worshipped Trog.
Trog was noncommittal.
You were very full.

You visited 1 branch of the dungeon, and saw 5 of its levels.

You collected 99 gold pieces.
You spent 55 gold pieces at shops.

Inventory:

Hand Weapons
 a - a +0 rapier (weapon)
Armour
 b - a +0 scale mail (worn)
 c - a +0 shield (worn)
 m - a +0 pair of gloves (worn)
   (You found it on level 2 of the Dungeon)
Jewellery
 s - a ring of poison resistance (right hand) {rPois, !d}
   (You found it on level 3 of the Dungeon)
 t - the ring of Agnosticism {Ice rN+ MR+ Str+3}
   (You found it on level 4 of the Dungeon)

   [ring of ice]

   It enhances your ice magic.
   It affects your strength (+3).
   It makes you vulnerable to fire.
   It protects you from cold.
   It protects you from negative energy.
   It affects your resistance to hostile enchantments.
Wands
 r - a wand of random effects (6/48)
   (You found it on level 4 of the Dungeon)
Scrolls
 g - 4 scrolls of enchant weapon {unknown}
 h - a scroll of fear {unknown}
 i - 2 scrolls of teleportation
 j - a scroll of recharging {unknown}
 k - a scroll of magic mapping {unknown}
 l - 2 scrolls of immolation {unknown}
 n - a scroll of blinking {unknown}
 q - a scroll of identify {unknown}
 u - a scroll of fog {unknown}
Potions
 e - 4 potions of curing
 o - a potion of brilliance
Comestibles
 f - 2 meat rations {@e2}


   Skills:
 + Level 5.6(5.1) Fighting
 * Level 8.3(7.7) Short Blades
 - Level 2.4(1.9) Armour
 + Level 4.5(4.0) Dodging
 - Level 2.4(1.9) Shields


You had 7 spell levels left.
You didn't know any spells.

Dungeon Overview and Level Annotations

Branches:
Dungeon (5/15)             Temple (0/1) D:4

Altars:
Ashenzari
Hepliaklqana
Qazlal
Trog
Uskayaw
Wu Jian
Xom

Shops:
D:4 (***   D:5 }:=

Annotations:
D:5 Prince Ribbit


Innate Abilities, Weirdness & Mutations

You are small and have problems with some larger weapons.
You are carnivorous and can eat meat at any time.
You have a pair of small antennae on your head.
You are resistant to hostile enchantments. (MR+)
You passively map a small area around you.
Your spells are a little harder to cast, but a little more powerful.


Message History

Dowan shouts!
The shadow imp barely misses you.
You puncture the shadow imp!
Dowan casts a spell.
Dowan blinks!
You hit the shadow imp.
You kill the shadow imp!
Trog accepts your kill.
Unknown command.
It was a potion of mutation.
You feel extremely strange. A pair of antennae grows on your head!
You feel less in control of your magic.
You feel a strange attunement to the structure of the dungeons.
You feel resistant to hostile enchantments.
Unknown command.
You barely miss Duvessa.
Duvessa hits you with a rapier of draining.
You feel drained.
Dowan points at Duvessa and mumbles some strange words.
Duvessa seems to speed up.
Duvessa zaps a wand.
Some rock shatters into small pieces.
Aim: Duvessa, wielding a rapier of draining, wearing a runed leather armour and carrying a wand of digging (?/24) {zapped: 2} (fast) Duvessa flickers and vanishes!
Deactivating autopickup; reactivate with Ctrl-A.
Evoking this partially-identified wand wasted a few charges.
Something hits you but does no damage.
You feel drained.
The fireball explodes!
The fireball engulfs something.
The fireball engulfs you!
Evoking this partially-identified wand wasted a few charges.
You hear a shout! x3
Something hits you.
You feel drained. Something hits you.
You feel drained.
Unknown command.
Aim: Dowan, wielding a dagger of speed and wearing an embroidered robe Nothing appears to happen.
Evoking this partially-identified wand wasted a few charges.
Unknown command.
Aim: Dowan, wielding a dagger of speed and wearing an embroidered robe The bolt of negative energy hits something.
The bolt of negative energy hits Dowan.
Dowan is drained!
Evoking this partially-identified wand wasted a few charges.
A centaur comes into view.
Unknown command.
Aim: a centaur Nothing appears to happen.
Evoking this partially-identified wand wasted a few charges.
The centaur wields a shortbow.
The centaur shoots an arrow.
Aim: a centaur, wielding a shortbow Nothing appears to happen.
Evoking this partially-identified wand wasted a few charges.
Dowan casts a spell at you.
The puff of flame hits something.
Dowan screams in horror.
Dowan seems to find hidden reserves of power!
Reactivating autopickup.
Your base Short Blades skill increases to level 8!
You have reached level 8!
You feel a bit more experienced.
The centaur shoots an arrow.
The arrow barely misses you.
Aim: Dowan, wielding a dagger of speed and wearing an embroidered robe (almost dead, fast, heavily drained) Dowan flickers and vanishes!
Deactivating autopickup; reactivate with Ctrl-A.
Evoking this partially-identified wand wasted a few charges.
The centaur shoots an arrow.
The arrow hits you. Something hits you but does no damage.
You hit something but do no damage.
The centaur shoots an arrow.
The arrow hits you! Something hits you but does no damage. Something hits you.
The centaur shoots an arrow.
The arrow hits you.
* * * LOW HITPOINT WARNING * * *
You miss something. Something hits you.
* * * LOW HITPOINT WARNING * * *
The centaur shoots an arrow.
Reactivating autopickup.
You feel a bit more experienced.
Okay, then.
Okay, then.
Unknown command.
Unknown command.
You swing at nothing.
You swing at nothing.
The centaur unwields an uncursed shortbow.
The centaur closely misses you.
You see here 2 arrows.
You hit the centaur but do no damage.
The centaur hits you but does no damage.
You block the centaur's attack.
You hit the centaur. You block the centaur's attack.
You barely miss the centaur. The centaur hits you.
* * * LOW HITPOINT WARNING * * *
You hit the centaur but do no damage. The centaur hits you.
* * * LOW HITPOINT WARNING * * *
The centaur hits you.
* * * LOW HITPOINT WARNING * * *
You hit the centaur. You block the centaur's attack.
You completely miss the centaur. The centaur closely misses you.
You hit the centaur but do no damage. The centaur hits you!
You die...

.. , , , .# *
.## . .. .. *
.###.#. ...
.......
....##### .# .#,
......(.####
.###.#
...........#
.#....
.###.#@##.#
.......
####.c#..#######
* .......,
#...............
.........
#.####....######
.......< #,*
##...# ....... ,
* #...# .#.....
, ** *#...#
.#.#.##
#.##...####
.#.#.#
#........#


You could see a centaur.

Vanquished Creatures
  A bullfrog (D:3)
  A centaur zombie (D:3)
  3 hounds (D:5)
  2 orc priests
  2 orc wizards (D:4)
  An iguana (D:4)
  5 worker ants
  3 gnolls
  5 adders
  A shadow imp (D:5)
  2 worms
  A dart slug (D:2)
  2 leopard geckos
  15 orcs
  3 giant cockroaches
  8 goblins
  6 hobgoblins
  12 jackals
  3 quokkas
  4 bats
  3 frilled lizards
  A jackal skeleton (D:4)
  A kobold (D:1)
  2 leopard gecko skeletons
  A leopard gecko zombie (D:5)
  3 rats
91 creatures vanquished.

Vanquished Creatures (others)
  Duvessa (D:5)
  Dowan (D:5)
2 creatures vanquished.

Grand Total: 93 creatures vanquished

Notes
Turn   | Place    | Note
-------+----------+-------------------------------------------
     0 | D:1      | Gorglomux the Kobold Fighter began the quest for the Orb.
     0 | D:1      | Reached XP level 1. HP: 14/14 MP: 1/1
   164 | D:1      | Reached skill level 3 in Short Blades
   478 | D:1      | Reached XP level 2. HP: 19/19 MP: 2/2
   630 | D:2      | Reached skill level 1 in Dodging
   885 | D:2      | Found a stormy altar of Qazlal.
   889 | D:2      | Found a shimmering altar of Xom.
   892 | D:2      | Found a shattered altar of Ashenzari.
   918 | D:2      | Reached XP level 3. HP: 23/23 MP: 3/3
  1695 | D:1      | Reached skill level 4 in Short Blades
  1855 | D:2      | Reached XP level 4. HP: 19/29 MP: 4/4
  2143 | D:2      | Found a hazy altar of Hepliaklqana.
  2234 | D:2      | Reached skill level 2 in Dodging
  2244 | D:2      | Reached skill level 4 in Fighting
  2348 | D:2      | Reached XP level 5. HP: 27/33 MP: 5/5
  2480 | D:3      | You fall through a shaft for 2 floors!
  2480 | D:5      | Entered Level 5 of the Dungeon
  2480 | D:5      | Found Rof Ock's Book Shoppe.
  2489 | D:4      | Reached skill level 5 in Short Blades
  2505 | D:5      | HP: 6/33 [worker ant (4)]
  2543 | D:5      | HP: 3/33 [worker ant (3)]
  2549 | D:5      | HP: 2/51 [poisoned by a worker ant]
  2557 | D:5      | HP: 2/51 [poisoned by a worker ant]
  2806 | D:5      | Reached skill level 3 in Dodging
  2806 | D:5      | Reached XP level 6. HP: 22/39 MP: 6/6
  2817 | D:4      | Found Buykicw's General Store.
  2827 | D:4      | Bought a potion of curing for 30 gold pieces
  2963 | D:4      | Reached skill level 6 in Short Blades
  3005 | D:4      | Found an ornate altar of the Wu Jian Council.
  3286 | D:4      | Found Qiustroa's General Store.
  3465 | D:4      | Found Wuyly Coum's Weapon Shop.
  3480 | D:4      | Found Deloipu's Assorted Antiques.
  3488 | D:4      | Bought a scroll labeled WUUT NOOMU for 25 gold pieces
  3536 | D:3      | Reached skill level 5 in Fighting
  3536 | D:3      | Reached XP level 7. HP: 17/44 MP: 7/7
  3771 | D:3      | Found a hide-covered altar of Uskayaw.
  4243 | D:3      | Found a bloodstained altar of Trog.
  4267 | D:3      | Became a worshipper of Trog the Wrathful
  4518 | D:3      | Reached skill level 7 in Short Blades
  4697 | D:4      | Gorglomux: !apt ko
  4697 | D:4      | beem: Ko: Fighting: 1, Short: 3!, Long: -2, Axes: -2, Maces: -1, Polearms: -2, Staves: -1, Slings: 0, Bows: 0, Xbows: 2!, Throw: 1!, Armour: -2, Dodge: 2, Stealth: 4, Shields: -2, UC: 0, Splcast: 0, Conj: 0, Hexes: 0, Charms: -2, Summ: 0, Nec: 0, Tloc: 0, Tmut: 0, Fire: 0, Ice: 0, Air: 0, Earth: 0, Poison: 0, Inv: 1, Evo: 2, Exp: 1!, HP: -2, MP: 0
  4719 | D:4      | Got a translucent glass ring
  4720 | D:4      | Identified the ring of Agnosticism {Ice rN+ MR+ Str+3} (You found it on level 4 of the Dungeon)
  4971 | D:4      | Reached skill level 4 in Dodging
  5258 | D:4      | Found a staircase to the Ecumenical Temple.
  5600 | D:5      | Found Qeemupnu's Jewellery Emporium.
  5777 | D:5      | Found Mutac's Gadget Emporium.
  5795 | D:5      | Noticed Prince Ribbit
  5927 | D:5      | Noticed Duvessa
  5939 | D:5      | Noticed Dowan
  5942 | D:5      | Gained mutation: You have a pair of small antennae on your head. [potion of mutation]
  5942 | D:5      | Gained mutation: Your spells are a little harder to cast, but a little more powerful. [potion of mutation]
  5942 | D:5      | Gained mutation: You passively map a small area around you. [potion of mutation]
  5942 | D:5      | Gained mutation: You are resistant to hostile enchantments. (MR+) [potion of mutation]
  5952 | D:5      | Killed Duvessa
  5952 | D:5      | Reached skill level 8 in Short Blades
  5952 | D:5      | Reached XP level 8. HP: 32/50 MP: 8/8
  5954 | D:5      | HP: 12/50 [centaur/arrow (6)]
  5955 | D:5      | Killed Dowan
  5962 | D:5      | HP: 10/51 [centaur (1)]
  5963 | D:5      | HP: 4/51 [centaur (2)]
  5966 | D:5      | Slain by a centaur

Vault maps used:
D:1:      minmay_arrival_radiant_lines
D:2:      old_standard_altar, grunt_temple_overflow_diamond, st_stairs_1
D:3:      lightli_temple_of_fire, lemuel_doored_altar
D:4:      lemuel_round_altar, minmay_temple_entry_hall, serial_shops,
          nicolae_shop_statue_plus, shop, shop, shop, minmay_box_of_dots
D:5:      corexii_shack_village, serial_shops, shop, nicolae_shop_stone,
          nicolae_shop_statue_plus, first_bread, serial_glass, glass_columns_a,
          glass_columns_a, glass_columns_c, glass_columns_a, glass_columns_a,
          glass_columns_c, uniq_duvessa, uniq_sigmund, uniq_prince_ribbit1

Skill      XL: |  1  2  3  4  5  6  7 |
---------------+----------------------+-----
Short Blades   | 3 4 5 6 8 |  8.3
Dodging        | 1 2 3 4 |  4.5
Fighting       | 4 5 |  5.6
Armour         | |  2.4
Shields        | |  2.4

Action                   |  1- 3 |  4- 6 |  7- 9 || total
-------------------------+-------+-------+-------++-------
Melee: Rapier            |    78 |   222 |   168 ||   468
Evoke: Wand              |       |       |     9 ||     9
  Use: Scroll            |     1 |       |     1 ||     2
       Potion            |       |     5 |     1 ||     6
  Eat: Chunk             |    10 |     7 |     7 ||    24
Armor: Scale mail        |    16 |    66 |    35 ||   117
       Skin              |       |    23 |       ||    23
Dodge: Dodged            |    33 |    88 |    48 ||   169
Block: Shield            |    32 |   126 |    62 ||   220

Vault maps used:
D:1:      minmay_arrival_radiant_lines
D:2:      old_standard_altar, grunt_temple_overflow_diamond, st_stairs_1
D:3:      lightli_temple_of_fire, lemuel_doored_altar
D:4:      lemuel_round_altar, minmay_temple_entry_hall, serial_shops,
          nicolae_shop_statue_plus, shop, shop, shop, minmay_box_of_dots
D:5:      corexii_shack_village, serial_shops, shop, nicolae_shop_stone,
          nicolae_shop_statue_plus, first_bread, serial_glass, glass_columns_a,
          glass_columns_a, glass_columns_c, glass_columns_a, glass_columns_a,
          glass_columns_c, uniq_duvessa, uniq_sigmund, uniq_prince_ribbit1

Table legend:
 A = Turns spent in this place as a percentage of turns spent in the entire game.
 B = Non-inter-level travel turns spent in this place as a percentage of non-inter-level travel turns spent in the entire game.
 C = Inter-level travel turns spent in this place as a percentage of turns spent in this place.
 D = Turns resting spent in this place as a percentage of non-inter-level travel turns spent in this place.
 E = Turns spent auto-exploring this place as a percentage of non-inter-level travel turns spent in this place.
 F = Non-inter-level travel turns spent in this place divided by the number of levels of this place that you've seen.
                   A       B       C       D       E      F
               +-------+-------+-------+-------+-------+----------------------
         Total | 100.0 | 100.0 |   0.4 |   4.0 |   8.1 | 287.2
       Dungeon | 100.0 | 100.0 |   0.4 |   4.0 |   8.1 | 287.2
               +-------+-------+-------+-------+-------+----------------------

Table legend:
 A = Kills in this place as a percentage of kills in entire the game.
 B = Kills by you in this place as a percentage of kills by you in the entire game.
 C = Kills by friends in this place as a percentage of kills by friends in the entire game.
 D = Other kills in this place as a percentage of other kills in the entire game.
 E = Experience gained in this place as a percentage of experience gained in the entire game.
 F = Experience gained in this place divided by the number of levels of this place that you have seen.
                   A       B       C       D       E      F
               +-------+-------+-------+-------+-------+----------------------
         Total | 100.0 | 100.0 |  -nan | 100.0 | 100.0 | 218.4
       Dungeon | 100.0 | 100.0 |  -nan | 100.0 | 100.0 | 218.4
               +-------+-------+-------+-------+-------+----------------------
